 Dungeon Crawl Stone Soup version 0.29-a0-553-g81b289dbe5 (webtiles) character file.

Game seed: 9535211318020883781

20314 croobank the Covert (level 12, 0/116 HPs)
             Began as a Gnoll Delver on June 7, 2022.
             Was an Initiate of Gozag.
             Slain by a wolf spider (16 damage)
             ... on level 3 of the Lair of Beasts.
             The game lasted 02:07:57 (19005 turns).

croobank the Covert (Gnoll Delver)                 Turns: 19005, Time: 02:08:01

Health: 0/116      AC:  7    Str: 12    XL:     12   Next: 78%
Magic:  0/23       EV: 13    Int: 14    God:    Gozag
Gold:   1474       SH:  0    Dex: 14    Spells: 2/26 levels left

rFire   x . .      SeeInvis +     - Unarmed
rCold   + + +      Faith    .   (shield currently unavailable)
rNeg    . . .      Spirit   +   (body armour currently unavailable)
rPois   +          Reflect  .   (helmet currently unavailable)
rElec   .          Harm     .   (cloak currently unavailable)
rCorr   +          Rampage  .   (gloves currently unavailable)
Will    .....                   (boots currently unavailable)
Stlth   +++++.....              x - amulet of guardian spirit
HPRegen 0.29/turn               w - ring of resist corrosion
MPRegen 0.18/turn               P - ring of see invisible

@: ice-form, gold aura
A: freezing attack, amphibious, boosted hp, large, (fangs 1), strong nose,
distributed training
a: End Transformation, Renounce Religion, Potion Petition, Call Merchant, Bribe
Branch


You were on level 3 of the Lair of Beasts.
You worshipped Gozag.
Gozag was most pleased with you.
You were a creature of crystalline ice.
You visited 4 branches of the dungeon, and saw 16 of its levels.

You collected 2742 gold pieces.
You spent 471 gold pieces at shops.
You paid 797 gold pieces to Gozag.

Inventory:

Hand Weapons
 j - a +9 quarterstaff of venom (melded)
 m - a +0 hunting sling
 n - the +1 war axe of the Candelabrum {vorpal, rElec rC+}
   (You bought it in a shop on level 2 of the Dungeon)

   It inflicts extra damage upon your enemies.
   rC:        It protects you from cold.
   rElec:     It insulates you from electricity.
 y - a +0 battleaxe
 z - a +0 shortbow
 C - a +0 short sword of electrocution
 E - a +0 arbalest
 J - a +0 great sword
 M - a +5 dagger of electrocution
 Q - the +9 short sword of Yeast {antimagic, Int+3}
   (You found it on level 8 of the Dungeon)

   It reduces the magical energy of the wielder, and disrupts the spells and
   magical abilities of those it strikes.
   Natural abilities and divine invocations are not affected.
   Int:       It affects your intelligence (+3).
 S - a +4 falchion of freezing
 T - a +2 flail of protection
Missiles
 d - 440 stones
 p - 5 curare-tipped darts (quivered)
 r - 2 silver javelins
 A - 15 boomerangs
 G - 28 poisoned darts
Armour
 b - a +1 leather armour
 e - a +2 cloak (melded)
 f - a +0 chain mail
 o - a scarf of shadows
 N - a +0 leather armour of poison resistance (melded)
 U - a +2 pair of boots of rampaging (melded)
Jewellery
 a - a ring of positive energy
 w - a ring of resist corrosion (left front paw)
 x - an amulet of guardian spirit (around neck)
 O - an amulet of the acrobat
 P - a ring of see invisible (right front paw)
 R - a +4 ring of protection
 Y - a +4 ring of evasion
Wands
 I - a wand of flame (43)
 W - a wand of paralysis (5)
 X - a wand of polymorph (1)
 Z - a wand of iceblast (5)
Scrolls
 c - 3 scrolls of fog
 q - 5 scrolls of teleportation
 t - 3 scrolls of magic mapping
 K - 2 scrolls of immolation
 L - a scroll of silence
 V - a scroll of amnesia
Potions
 h - a potion of invisibility
 i - 7 potions of brilliance
 k - 3 potions of curing
 l - a potion of resistance
 s - a potion of cancellation
 B - a potion of magic
 D - 2 potions of attraction
 F - a potion of might {unknown}
 H - 2 potions of mutation {unknown}


   Skills:
 + Level 10.1 Fighting
 + Level 7.6 Short Blades
 + Level 7.6 Long Blades
 + Level 9.0 Axes
 + Level 7.6 Maces & Flails
 + Level 7.6 Polearms
 + Level 7.6 Staves
 + Level 7.6 Slings
 + Level 7.6 Bows
 + Level 7.6 Crossbows
 + Level 7.6 Throwing
 + Level 7.6 Armour
 + Level 9.0 Dodging
 + Level 12.1 Stealth
 + Level 7.6 Shields
 + Level 7.6 Unarmed Combat
 + Level 7.6 Spellcasting
 + Level 6.3 Conjurations
 + Level 6.3 Hexes
 + Level 6.3 Summonings
 + Level 6.3 Necromancy
 + Level 6.3 Translocations
 + Level 6.3 Transmutations
 + Level 6.3 Fire Magic
 + Level 6.3 Ice Magic
 + Level 6.3 Air Magic
 + Level 6.3 Earth Magic
 + Level 6.3 Poison Magic
 + Level 8.3 Invocations
 + Level 7.6 Evocations


You had 2 spell levels left.
You knew the following spells:

 Your Spells              Type           Power      Damage    Failure   Level
a - Foxfire               Conj/Fire      92%        2x1d8     1%          1
b - Flame Wave            Conj/Fire      23%        2d7       10%         4
c - Ensorcelled Hibernat  Hex/Ice        46%        N/A       1%          2
d - Spider Form           Tmut/Pois      23%        N/A       3%          3
e - Call Canine Familiar  Summ           23%        N/A       3%          3
f - Hailstorm             Conj/Ice       23%        3d7       10%         4
g - Ice Form              Ice/Tmut       23%        N/A       10%         4
h - Ignite Poison         Fire/Tmut/Pois 23%        N/A       3%          3

Your spell library contained the following spells:

 Spells                   Type           Power      Damage    Failure   Level
 Confusing Touch          Hex            23%        N/A       3%          3
 Conjure Flame            Conj/Fire      23%        6-21      3%          3
 Inner Flame              Hex/Fire       23%        N/A       3%          3
 Portal Projectile        Hex/Tloc       46%        N/A       3%          3
 Anguish                  Hex/Necr       11%        N/A       10%         4
 Leda's Liquefaction      Hex/Erth       11%        N/A       10%         4
 Sticky Flame             Conj/Fire      23%        2d4       10%         4
 Yara's Violent Unravell  Hex/Tmut       11%        3d6       28%         5
 Enfeeble                 Hex            11%        N/A       100%        7
 Simulacrum               Ice/Necr       Unusable   N/A       N/A         6

Dungeon Overview and Level Annotations

Branches:
Dungeon (10/15)            Temple (1/1) D:5            Lair (4/6) D:9
  Snake (0/4) Lair:2          Orc (1/2) D:9
  Swamp: Lair:2-4    Shoals: Lair:2-4

Altars:
Gozag
Hepliaklqana
Trog
The Shining One

Shops:
D:2 *((   D:8 (   D:9 [

Annotations:
Lair:3 2 runed translucent doors


Innate Abilities, Weirdness & Mutations

You are a creature of crystalline ice.
You have a powerful freezing melee attack.
You are amphibious.
Your maximum health is increased.
Your armour is entirely melded.
You are incapable of wielding weapons or throwing items.
((You have very sharp teeth.))
Your uncanny sense of smell can sniff out nearby items.
Your experience applies equally to all skills.


Message History

The yak gores you but does no damage. The yak closely misses you.
Your surroundings suddenly seem different.
A redback and a jumping spider come into view.
Found a human corpse, a glowing hat and a steaming whip.
Found a runed translucent door and a runed translucent gate.
You see here a human corpse.
The helpless jumping spider fails to defend itself.
You hit the jumping spider. You freeze the jumping spider.
The jumping spider is lightly wounded.
The jumping spider pounces on you! The jumping spider bites you.
You hear an angry hiss.
A wolf spider comes into view.
The jumping spider pounces on you but does no damage.
The jumping spider bites you but does no damage.
The redback bites you!
* * * LOW HITPOINT WARNING * * *
You are lethally poisoned!
The redback poisons you!
You feel better.
The jumping spider pounces on you but does no damage.
The jumping spider bites you.
* * * LOW HITPOINT WARNING * * *
The wolf spider hits you!
* * * LOW HITPOINT WARNING * * *
The wolf spider closely misses you.
The redback barely misses you. [a] - 500 gold - haste and resistance [b] - 224 gold - heal wounds and curing [c] - 364 gold - haste and brilliance Purchase which effect?
You feel much better.
You feel better. The jumping spider pounces on you!
* * * LOW HITPOINT WARNING * * *
The jumping spider barely misses you. The wolf spider hits you!
* * * LOW HITPOINT WARNING * * *
The wolf spider barely misses you. The redback completely misses you.
The jumping spider barely misses you.
The jumping spider bites you but does no damage.
The wolf spider hits you!!
You die...
Your body crumbles into a pile of gold.

###......##
#.##..P.....
#.........#
####.#..#...
#
######.##.##
#..######. #
#####P# ##.#
#. # P8#
##.# ##. +##
#..# #.> ##.
#..## ##.
#s###.#
##..## #.
#sY..#
#.#..# #.
#s####
#.##.####.
.).#
#.###.##).
##.##
####....#.
.. ##.P##.
##. ∆
####......
#+
#.#.#.####
.. #..####
####


You could see a wolf spider, a jumping spider and a redback.

Vanquished Creatures
  4 hydras
  A two-headed ogre (D:9)
  5 death yaks
  A black mamba (Lair:2)
  Maurice (D:8)
  6 cane toads
  2 komodo dragons
  A troll (D:9)
  A hornet (D:6)
  2 shadows
  A wraith (D:9)
  29 yaks
  2 wyverns
  A steam dragon (D:8)
  Menkaure (D:7)
  2 nagas (Lair:2)
  7 water moccasins
  A black bear (D:5)
  6 orc warriors
  An ice beast (D:6)
  3 ogres
  A phantom (D:4)
  2 centaurs
  3 kobold brigands
  A nameless horror (D:8)
  11 bullfrogs
  3 necrophages
  A gnoll sergeant (D:9)
  2 scorpions
  5 wights (D:9)
  7 killer bees
  2 electric eels
  5 howler monkeys
  2 hounds
  2 jellies
  A gnoll shaman (D:8)
  3 orc priests
  2 iguanas
  Terence (D:3)
  8 orc wizards
  5 hell rats (Lair:2)
  10 adders
  12 gnolls
  A shadow imp (D:6)
  4 white imps
  2 worms
  3 dart slugs
  36 orcs
  9 ball pythons
  7 bats
  9 endoplasms
  2 giant cockroaches
  7 goblins
  8 hobgoblins
  10 jackals
  9 quokkas
  6 frilled lizards
  13 kobolds
  3 rats
296 creatures vanquished.

Vanquished Creatures (collateral kills)
  A yak (D:9)
  A basilisk (Lair:2)
  A water moccasin (Lair:1)
  A bullfrog (Lair:2)
  A necrophage (D:8)
  A wight (D:9)
  A killer bee (D:8)
  4 orcs
  3 kobolds (D:10)
  2 foxfires (Lair:3)
16 creatures vanquished.

Vanquished Creatures (others)
  The ghost of bristle the Gusty, an amateur FeAE of Qazlal (D:5)
  230 foxfires
  19 fungi
  35 plants
  2 withered plants (D:5)
287 creatures vanquished.

Grand Total: 599 creatures vanquished

Notes
Turn   | Place    | Note
-------+----------+-------------------------------------------
     0 | D:5      | Reached skill level 9 in Stealth
     0 | D:5      | croobank the Gnoll Delver began the quest for the Orb.
     0 | D:5      | Reached XP level 1. HP: 23/23 MP: 1/1
     1 | D:5      | Noticed a necrophage
    84 | D:3      | Noticed Terence
   147 | D:3      | Reached XP level 2. HP: 29/29 MP: 2/2
   539 | D:2      | Found Omyzxaci's Assorted Antiques.
   792 | D:1      | Reached XP level 3. HP: 35/35 MP: 3/3
  1224 | D:1      | Reached skill level 1 in Invocations
  1577 | D:1      | Reached skill level 1 in Short Blades
  1577 | D:1      | Reached skill level 1 in Long Blades
  1577 | D:1      | Reached skill level 1 in Maces & Flails
  1577 | D:1      | Reached skill level 1 in Polearms
  1577 | D:1      | Reached skill level 1 in Staves
  1577 | D:1      | Reached skill level 1 in Slings
  1577 | D:1      | Reached skill level 1 in Bows
  1577 | D:1      | Reached skill level 1 in Crossbows
  1577 | D:1      | Reached skill level 1 in Throwing
  1577 | D:1      | Reached skill level 1 in Armour
  1577 | D:1      | Reached skill level 1 in Shields
  1577 | D:1      | Reached skill level 1 in Unarmed Combat
  1577 | D:1      | Reached skill level 1 in Spellcasting
  1577 | D:1      | Reached skill level 1 in Evocations
  1650 | D:1      | Reached XP level 4. HP: 41/41 MP: 5/5
  1726 | D:1      | Learned a level 1 spell: Foxfire
  2008 | D:2      | Bought a slimy war axe for 170 gold pieces
  2008 | D:2      | Identified the +1 war axe of the Candelabrum {vorpal, rElec
                  | rC+} (You bought it in a shop on level 2 of the Dungeon)
  2241 | D:2      | Found Plog's Antique Weapon Shoppe.
  2245 | D:2      | Found Ychak's Weapon Emporium.
  2274 | D:2      | Found a faded altar of an unknown god.
  2321 | D:2      | Reached skill level 1 in Conjurations
  2321 | D:2      | Reached skill level 1 in Hexes
  2321 | D:2      | Reached skill level 1 in Summonings
  2321 | D:2      | Reached skill level 1 in Necromancy
  2321 | D:2      | Reached skill level 1 in Translocations
  2321 | D:2      | Reached skill level 1 in Transmutations
  2321 | D:2      | Reached skill level 1 in Fire Magic
  2321 | D:2      | Reached skill level 1 in Ice Magic
  2321 | D:2      | Reached skill level 1 in Air Magic
  2321 | D:2      | Reached skill level 1 in Earth Magic
  2321 | D:2      | Reached skill level 1 in Poison Magic
  2859 | D:3      | Killed Terence
  2860 | D:3      | Reached XP level 5. HP: 41/47 MP: 5/7
  3657 | D:4      | Reached XP level 6. HP: 48/53 MP: 8/8
  3746 | D:4      | Reached skill level 5 in Axes
  3746 | D:4      | Reached skill level 5 in Dodging
  4100 | D:4      | Reached XP level 7. HP: 55/60 MP: 10/10
  4105 | D:4      | Learned a level 4 spell: Flame Wave
  4463 | D:4      | Found a faded altar of an unknown god.
  4464 | D:4      | Found a hazy altar of Hepliaklqana.
  4728 | D:5      | Found a runed translucent door.
  4760 | D:5      | Identified a scroll of acquirement
  4760 | D:5      | Acquired a ring of resist corrosion
  4767 | D:5      | Noticed bristle's ghost (amateur FeAE)
  4847 | D:5      | Reached skill level 10 in Stealth
  4898 | D:5      | Reached XP level 8. HP: 55/67 MP: 10/12
  5544 | D:5      | Killed bristle's ghost
  5722 | Temple   | Entered the Ecumenical Temple
  5753 | Temple   | Became a worshipper of Gozag Ym Sagoz the Greedy
  6075 | D:6      | Learned a level 2 spell: Ensorcelled Hibernation
  6345 | D:6      | Noticed a hornet
  6358 | D:6      | Paralysed by a hornet for 1 turns
  6365 | D:6      | Killed a hornet
  6366 | D:6      | Reached XP level 9. HP: 28/72 MP: 14/14
  7210 | D:7      | Learned a level 3 spell: Spider Form
  7281 | D:7      | Learned a level 3 spell: Call Canine Familiar
  7603 | D:7      | Noticed Menkaure
  7615 | D:7      | Killed Menkaure
  8313 | D:8      | Noticed Maurice
  8323 | D:8      | Killed Maurice
  8391 | D:8      | Reached skill level 5 in Invocations
  9014 | D:8      | Found Joemp's Antique Weapon Boutique.
  9372 | D:8      | Identified the +9 short sword of Yeast {antimagic, Int+3}
  9598 | D:8      | Reached XP level 10. HP: 75/80 MP: 17/17
 10091 | D:9      | Reached skill level 5 in Short Blades
 10091 | D:9      | Reached skill level 5 in Long Blades
 10091 | D:9      | Reached skill level 5 in Maces & Flails
 10091 | D:9      | Reached skill level 5 in Polearms
 10091 | D:9      | Reached skill level 5 in Staves
 10091 | D:9      | Reached skill level 5 in Slings
 10091 | D:9      | Reached skill level 5 in Bows
 10091 | D:9      | Reached skill level 5 in Crossbows
 10091 | D:9      | Reached skill level 5 in Throwing
 10091 | D:9      | Reached skill level 5 in Armour
 10091 | D:9      | Reached skill level 5 in Shields
 10091 | D:9      | Reached skill level 5 in Unarmed Combat
 10091 | D:9      | Reached skill level 5 in Spellcasting
 10091 | D:9      | Reached skill level 5 in Evocations
 10747 | D:9      | Found Varatze's Armour Shoppe.
 10795 | D:9      | Found a staircase to the Orcish Mines.
 11005 | D:9      | Bought a +2 pair of boots of rampaging for 301 gold pieces
 11167 | D:9      | Reached skill level 11 in Stealth
 11650 | D:9      | Found a staircase to the Lair.
 11891 | D:9      | Noticed a two-headed ogre
 11903 | D:9      | Killed a two-headed ogre
 12186 | D:10     | Entered Level 10 of the Dungeon
 12254 | D:10     | Reached XP level 11. HP: 87/87 MP: 10/19
 12884 | D:10     | Reached skill level 5 in Conjurations
 12884 | D:10     | Reached skill level 5 in Hexes
 12884 | D:10     | Reached skill level 5 in Summonings
 12884 | D:10     | Reached skill level 5 in Necromancy
 12884 | D:10     | Reached skill level 5 in Translocations
 12884 | D:10     | Reached skill level 5 in Transmutations
 12884 | D:10     | Reached skill level 5 in Fire Magic
 12884 | D:10     | Reached skill level 5 in Ice Magic
 12884 | D:10     | Reached skill level 5 in Air Magic
 12884 | D:10     | Reached skill level 5 in Earth Magic
 12884 | D:10     | Reached skill level 5 in Poison Magic
 13417 | Orc:1    | Entered Level 1 of the Orcish Mines
 13417 | Orc:1    | Noticed an orc high priest
 13459 | Lair:1   | Entered Level 1 of the Lair of Beasts
 13524 | Lair:1   | Noticed a six-headed hydra
 13846 | Lair:1   | You fall into a shaft and drop 1 floor!
 13857 | Lair:2   | Noticed an eight-headed hydra
 14199 | Lair:1   | Noticed a four-headed hydra
 14217 | Lair:1   | Killed a four-headed hydra
 14981 | Lair:1   | Killed a six-headed hydra
 15218 | Lair:2   | Noticed an eight-headed hydra
 15221 | Lair:2   | Killed an eight-headed hydra
 15233 | Lair:2   | Killed an eight-headed hydra
 15234 | Lair:2   | Reached XP level 12. HP: 96/96 MP: 15/22
 15883 | Lair:2   | Found a staircase to the Snake Pit.
 16533 | Lair:2   | Learned a level 4 spell: Hailstorm
 16538 | Lair:2   | Learned a level 4 spell: Ice Form
 17042 | Lair:3   | Learned a level 3 spell: Ignite Poison
 17801 | Lair:3   | Noticed a death yak
 17804 | Lair:3   | Noticed a death yak
 17806 | Lair:3   | Noticed a death yak
 17806 | Lair:3   | Noticed a death yak
 17809 | Lair:3   | Noticed a death yak
 17871 | Lair:4   | Reached skill level 12 in Stealth
 17974 | Lair:3   | Noticed a death yak
 17984 | Lair:3   | Killed a death yak
 18257 | Lair:2   | Killed a death yak
 18258 | Lair:2   | Reached skill level 10 in Fighting
 18424 | Lair:2   | Killed a death yak
 18807 | Lair:3   | Killed a death yak
 18986 | Lair:3   | Killed a death yak
 19001 | Lair:3   | Found a runed translucent door.
 19001 | Lair:3   | Found a runed translucent gate.
 19001 | Lair:3   | Noticed a boulder beetle
 19005 | Lair:3   | Slain by a wolf spider

Illustrated notes

Levels and vault maps discovered:
D:1:      roderic_dead_forest, layout_basic
D:2:      layout_loops_ring, basic_ecumenical_altar, serial_shops, shop,
          nicolae_shop_bloodbath_and_beyond, shop_fountains, minmay_quantized
D:3:      layout_loops_corners, serial_forest, infiniplex_forest_lined_corner,
          infiniplex_forest_pool, infiniplex_forest_lined_room_,
          infiniplex_forest_clump_medium, infiniplex_forest_lined_2,
          infiniplex_forest_end_1, infiniplex_forest_lined_2, nrook_campfire,
          uniq_terence
D:4:      minmay_bubble_buster, layout_basic,
          beargit_hepliaklqana_dungeon_heroes, grunt_decor_arrowhead
D:5:      layout_basic, minmay_temple_entry_drinking_statues,
          gammafunk_ghost_grave
D:6:      layout_rooms
D:7:      layout_cave_pods, uniq_menkaure
D:8:      layout_loops_corners, st_stairs_9, nicolae_wooded_promenade,
          uniq_maurice
D:9:      minmay_razor_zed, layout_basic, dpeg_oklobed_lair, orc_david_3
D:10:     layout_gridville, serial_bayou, serial_bayou_crossing,
          serial_bayou_shore_a, serial_bayou_shore_b, serial_bayou_pond_a,
          hangedman_incinerator
Temple:   mainiacjoe_temple_archimedes_tessellation
Lair:1:   layout_cave_pods
Lair:2:   layout_chaotic_city, guppyfry_snake_entry_garden
Lair:3:   gammafunk_indiana_jones, layout_loops_ring,
          chequers_serial_rivers_small_b, infiniplex_staircase_pool_2
Lair:4:   layout_cave_pods, nicolae_swamp_entry_splash_gauntlet,
          grunt_forest_small_clearing_treed
Orc:1:    layout_caves, nicolae_shop_self_help

Skill      XL: |  1  2  3  4  5  6  7  8  9 10 11 12 |
---------------+-------------------------------------+-----
Stealth        | 10 11 12 | 12.1
Invocations    | 1 2 3 4 5 6 7 8 |  8.3
Short Blades   | 1 2 3 4 5 6 7 |  7.6
Long Blades    | 1 2 3 4 5 6 7 |  7.6
Maces & Flails | 1 2 3 4 5 6 7 |  7.6
Polearms       | 1 2 3 4 5 6 7 |  7.6
Staves         | 1 2 3 4 5 6 7 |  7.6
Slings         | 1 2 3 4 5 6 7 |  7.6
Bows           | 1 2 3 4 5 6 7 |  7.6
Crossbows      | 1 2 3 4 5 6 7 |  7.6
Throwing       | 1 2 3 4 5 6 7 |  7.6
Armour         | 1 2 3 4 5 6 7 |  7.6
Shields        | 1 2 3 4 5 6 7 |  7.6
Unarmed Combat | 1 2 3 4 5 6 7 |  7.6
Spellcasting   | 1 2 3 4 5 6 7 |  7.6
Evocations     | 1 2 3 4 5 6 7 |  7.6
Conjurations   | 1 2 3 4 5 6 |  6.3
Hexes          | 1 2 3 4 5 6 |  6.3
Summonings     | 1 2 3 4 5 6 |  6.3
Necromancy     | 1 2 3 4 5 6 |  6.3
Translocations | 1 2 3 4 5 6 |  6.3
Transmutations | 1 2 3 4 5 6 |  6.3
Fire Magic     | 1 2 3 4 5 6 |  6.3
Ice Magic      | 1 2 3 4 5 6 |  6.3
Air Magic      | 1 2 3 4 5 6 |  6.3
Earth Magic    | 1 2 3 4 5 6 |  6.3
Poison Magic   | 1 2 3 4 5 6 |  6.3
Axes           | 5 6 7 8 9 |  9.0
Dodging        | 5 6 7 8 9 |  9.0
Fighting       | 7 8 9 10 | 10.1

Action                   |  1- 3 |  4- 6 |  7- 9 | 10-12 || total
-------------------------+-------+-------+-------+-------++-------
Melee: Hand axe          |    48 |    19 |       |       ||    67
       Bite              |    15 |     5 |    22 |    55 ||    97
       Dagger            |    97 |     3 |     6 |     1 ||   107
       Punch             |     1 |     2 |     1 |    11 ||    15
       War axe           |       |   104 |   109 |   147 ||   360
       Quarterstaff      |       |       |    75 |   267 ||   342
       Unarmed           |       |       |    10 |    79 ||    89
 Fire: Hunting sling     |       |       |       |     3 ||     3
Throw: Throwing net      |       |       |     4 |       ||     4
       Dart              |       |       |     2 |       ||     2
 Cast: Foxfire           |       |       |    50 |    87 ||   137
       Ensorcelled Hiber |       |       |     1 |     1 ||     2
       Call Canine Famil |       |       |     7 |    42 ||    49
       Spider Form       |       |       |     2 |     6 ||     8
       Ice Form          |       |       |       |     4 ||     4
       Hailstorm         |       |       |       |     4 ||     4
       Ignite Poison     |       |       |       |     2 ||     2
       Flame Wave        |       |       |       |     1 ||     1
Invok: Potion Petition   |       |       |       |     2 ||     2
Evoke: Wand              |     3 |       |       |    22 ||    25
  Use: Scroll            |     8 |     7 |     9 |    17 ||    41
       Potion            |     1 |       |     4 |     6 ||    11
 Stab: Sleeping          |    13 |    12 |    12 |     8 ||    45
       Distracted        |       |     2 |     3 |    10 ||    15
       Invisible         |       |       |       |     4 ||     4
Armor: Leather armour    |    34 |    52 |    65 |    95 ||   246
       Skin              |       |       |       |    10 ||    10
Dodge: Dodged            |    88 |    86 |   139 |   361 ||   674

Table legend: (Time is in decaauts)
 A = Elapsed time spent in this place.
 B = Non-inter-level travel time spent in this place.
 C = Inter-level travel time spent in this place.
 D = Time resting spent in this place.
 E = Time spent auto-exploring this place.
 F = Levels seen in this place.
 G = Mean time per level.
                   A        B        C        D        E       F      G
               +--------+--------+--------+--------+--------+-----+--------+
         Total |  19085 |  18501 |    584 |   4843 |   9741 |  16 | 1192.8 |
       Dungeon |  13479 |  13033 |    446 |   3159 |   7201 |  10 | 1347.9 |
        Temple |     62 |     31 |     31 |      0 |     20 |   1 |   62.0 |
          Lair |   5541 |   5437 |    104 |   1684 |   2519 |   4 | 1385.2 |
  Orcish Mines |      1 |      1 |      0 |      0 |      0 |   1 |    1.0 |
               +--------+--------+--------+--------+--------+-----+--------+

Top non-repeatable levels by time:
     D:9: 2892 daAuts
  Lair:2: 2728 daAuts
     D:8: 1471 daAuts
     D:5: 1452 daAuts
  Lair:1: 1375 daAuts
  Lair:3: 1342 daAuts
     D:4: 1242 daAuts
     D:1: 1241 daAuts
     D:6: 1211 daAuts
     D:2: 1054 daAuts
     D:7: 1044 daAuts
     D:3: 969 daAuts
    D:10: 897 daAuts
  Lair:4: 95 daAuts
  Temple: 62 daAuts
